 Dungeon Crawl Stone Soup version 0.22-a0-558-gc224181 (webtiles) character file.

807 iamserjio the Chopper (level 7, -1/44 HPs)
             Began as a Gargoyle Fighter on June 27, 2018.
             Slain by an orc warrior
             ... wielding a +0 short sword
              (8 damage)
             ... on level 6 of the Dungeon.
             The game lasted 00:08:42 (1347 turns).

iamserjio the Chopper (Gargoyle Fighter)            Turns: 1347, Time: 00:08:43

Health: -1/44      AC: 13    Str: 21    XL:     7   Next: 92%
Magic:  7/7        EV:  7    Int:  8    God:
Gold:   132        SH:  9    Dex: 10    Spells: 6/6 levels left

rFire    . . .     SeeInvis .   a - +0 war axe
rCold    . . .     Gourm    .   c - +0 shield
rNeg     + . .     Faith    .   b - +0 scale mail
rPois    ∞         Spirit   .   (no helmet)
rElec    +         Reflect  .   j - +0 cloak
rCorr    .         Harm     .   (no gloves)
MR       .....                  (no boots)
Stlth    ..........             (no amulet)
HPRegen  0.14/turn              (no ring)
MPRegen  0.10/turn              (no ring)

@: no status effects
A: negative energy resistance 1, electricity resistance, unbreathing,
petrification resistance, rot immunity, AC +4
a: no special abilities


You were on level 6 of the Dungeon.
You were very hungry.

You visited 1 branch of the dungeon, and saw 6 of its levels.

You collected 132 gold pieces.

Inventory:

Hand Weapons
 a - a +0 war axe (weapon)
Armour
 b - a +0 scale mail (worn)
 c - a +0 shield (worn)
 j - a +0 cloak (worn)
Jewellery
 n - an uncursed ring of stealth {unknown}
Wands
 l - a wand of iceblast (13)
 o - a wand of paralysis (8)
Scrolls
 e - a scroll of blinking
 h - a scroll of remove curse {@r2}
 i - 2 scrolls of enchant weapon
 m - a scroll of magic mapping {unknown}
 p - a scroll of amnesia {unknown}
Potions
 g - 2 potions of haste {unknown}
 k - a potion of brilliance {unknown}
Miscellaneous
 d - a phial of floods (inert)
Comestibles
 f - 8 rations


   Skills:
 + Level 4.5 Fighting
 * Level 7.1 Axes
 + Level 4.5 Armour
 - Level 3.2 Shields


You had 6 spell levels left.
You didn't know any spells.
Your spell library was empty.

Dungeon Overview and Level Annotations

Branches:
Dungeon (6/15)
 Temple: D:4-7

Altars:
Ashenzari
Nemelex Xobeh
Wu Jian


Innate Abilities, Weirdness & Mutations

You are resistant to torment.
Your stone body is resilient. (AC +4)
You are immune to poison.
You resist negative energy. (rN+)
You are resistant to electric shocks. (rElec)
You can survive without breathing.
You are immune to petrification.
You are immune to rotting.


Message History

An ogre comes into view. It is wielding a giant spiked club.
You open the door.
A leopard gecko comes into view.
Found a stone staircase leading down.
You block the ogre's attack.
You hit the ogre.
The ogre is lightly wounded.
The ogre hits you with a giant spiked club!!
Ouch! That really hurt!
You hit the ogre but do no damage.
The ogre is lightly wounded.
You hit the orc warrior but do no damage.
The ogre hits you with a giant spiked club!
* * * LOW HITPOINT WARNING * * *
The orc warrior hits you but does no damage.
You hit the ogre.
The ogre is moderately wounded.
You hit the orc warrior but do no damage.
The orc warrior hits you with a short sword!
You die...

#..........#
#..........#
#..........#
#..........#
######'###.#
#......#...
+......###.#
##.#.####......#
##
.....lO@o..#####
##.#.###.#'#
.._....
...#.#.....
....<...>.....#
..............#
###....#.####.#
#....#.# .#


You could see an orc warrior, an ogre and a leopard gecko.

Vanquished Creatures
  A hippogriff (D:4)
  A crimson imp (D:5)
  2 hounds (D:4)
  A gnoll shaman (D:4)
  2 centaur skeletons (D:4)
  2 iguanas (D:4)
  Terence (D:3)
  2 worker ants
  A hound skeleton (D:4)
  11 gnolls
  3 adders
  A shadow imp (D:5)
  A worm (D:6)
  6 orcs
  2 ball pythons
  2 giant cockroaches
  A goblin (D:1)
  A hobgoblin (D:2)
  4 jackals (D:1)
  A kobold (D:2)
  A quokka (D:6)
  A bat (D:2)
  3 frilled lizards
  A giant cockroach zombie (D:5)
  2 rats (D:2)
54 creatures vanquished.

Vanquished Creatures (collateral kills)
  Grinder (D:4)
  An adder (D:4)
  2 jackals (D:4)
4 creatures vanquished.

Grand Total: 58 creatures vanquished

Notes
Turn   | Place    | Note
-------+----------+-------------------------------------------
     0 | D:1      | iamserjio the Gargoyle Fighter began the quest for the Orb.
     0 | D:1      | Reached XP level 1. HP: 14/14 MP: 1/1
    17 | D:1      | Reached skill level 2 in Axes
    24 | D:1      | Reached XP level 2. HP: 16/19 MP: 2/2
   199 | D:2      | Reached skill level 3 in Axes
   199 | D:2      | Reached XP level 3. HP: 18/23 MP: 3/3
   267 | D:3      | Noticed Terence
   282 | D:3      | Killed Terence
   282 | D:3      | Reached XP level 4. HP: 24/28 MP: 4/4
   290 | D:3      | Reached skill level 4 in Axes
   343 | D:4      | Reached XP level 5. HP: 20/32 MP: 5/5
   357 | D:4      | Reached skill level 5 in Axes
   425 | D:4      | Reached XP level 6. HP: 30/37 MP: 6/6
   439 | D:4      | Reached skill level 6 in Axes
   549 | D:4      | Found an ornate altar of the Wu Jian Council.
   549 | D:4      | Noticed a hippogriff
   553 | D:4      | Found a transporter.
   567 | D:4      | Found a transporter.
   591 | D:4      | Killed a hippogriff
   591 | D:4      | Reached XP level 7. HP: 18/42 MP: 7/7
   658 | D:4      | Noticed Grinder
   665 | D:4      | Killed Grinder
   752 | D:5      | Entered Level 5 of the Dungeon
   878 | D:5      | Found a sparkling altar of Nemelex Xobeh.
   957 | D:5      | Reached skill level 7 in Axes
  1333 | D:6      | Found a shattered altar of Ashenzari.
  1347 | D:6      | Slain by an orc warrior

Vault maps used:
D:1:      minmay_arrival_up_and_down, minmay_lizard_king
D:2:      lemuel_coloured_pillars_altar, uniq_crazy_yiuf_cottage, uniq_jessica
D:3:      uniq_terence
D:4:      gammafunk_temple_overflow_arena, first_ration, uniq_grinder
D:5:      gammafunk_temple_overflow_forgotten, nemelex_xobeh_ov_fountains_minmay
D:6:      lemuel_crystal_altar, grunt_decor_one_mirror, minmay_misc_feat_square

Skill      XL: |  1  2  3  4  5  6  7 |
---------------+----------------------+-----
Axes           | 2 3 4 5 6 7 |  7.1
Fighting       | 4 |  4.5
Armour         | 4 |  4.5
Shields        | |  3.2

Action                   |  1- 3 |  4- 6 |  7- 9 || total
-------------------------+-------+-------+-------++-------
Melee: War axe           |    74 |    72 |   109 ||   255
Evoke: Phial of floods   |       |       |     1 ||     1
  Use: Scroll            |       |     3 |     1 ||     4
       Potion            |       |     3 |       ||     3
  Eat: Chunk             |       |       |     1 ||     1
Armor: Scale mail        |    47 |    43 |    50 ||   140
Dodge: Dodged            |    28 |    22 |    27 ||    77
Block: Shield            |    43 |    57 |    67 ||   167

Table legend:
 A = Spawn XP
 B = Non-spawn XP
 C = Spawn XP percentage of total XP
 D = Spawn monster count
 E = Non-spawn monster count
 F = Spawn count percentage of total count
 G = Total turns spent on level
                    A         B        C        D         E        F      G
               +---------+---------+-------+---------+---------+-------+---------
         Total |       0 |    1153 |   0.0 |       0 |      58 |   0.0 |  1347
               +---------+---------+-------+---------+---------+-------+---------
           D:1 |       0 |      10 |   0.0 |       0 |       5 |   0.0 |    71
           D:2 |       0 |      37 |   0.0 |       0 |       8 |   0.0 |   205
           D:3 |       0 |      75 |   0.0 |       0 |       4 |   0.0 |    83
           D:4 |       0 |     893 |   0.0 |       0 |      26 |   0.0 |   580
           D:5 |       0 |     131 |   0.0 |       0 |      13 |   0.0 |   350
           D:6 |       0 |       7 |   0.0 |       0 |       2 |   0.0 |    58
               +---------+---------+-------+---------+---------+-------+---------
